 Dungeon Crawl Stone Soup version 0.31-a0-977-gc230f8ef24 (webtiles) character file.

Game seed: 15641628682774660660

21739 tsujin the Grappler (level 12, -12/94 HPs)
             Began as a Gnoll Shapeshifter on Oct 30, 2023.
             Was a High Priest of Qazlal.
             Mangled by a titanic slime creature (84 damage)
             ... on level 12 of the Dungeon.
             The game lasted 00:31:30 (14542 turns).

tsujin the Grappler (Gnoll Shapeshifter)           Turns: 14542, Time: 00:31:31

Health: -12/94     AC: 11    Str: 25    XL:     12   Next: 93%
Magic:  0/23       EV: 15    Int:  8    God:    Qazlal [*****.]
Gold:   498        SH:  6    Dex: 12    Spells: 19/26 levels left

rFire   . .          .
                       - Unarmed
rCold   . . .        (no shield)
rNeg    . . .        M - +5 steam dragon scales
rPois   +            (helmet currently unavailable)
rElec   .            (cloak currently unavailable)
rCorr   .            (gloves currently unavailable)
SInv    .            (boots currently unavailable)
Will    .....        s - amulet "Ygi Fote" {Spirit Str+3 Int-2}
Stlth   ++           q - +6 ring of strength
HPRegen 0.35/turn    D - ring of poison resistance
MPRegen 0.18/turn

%: repel missiles, guardian spirit
@: beast-form
A: beast (slay +4), fangs 1, strong nose, distributed training, weak 1
a: Begin Untransformation, Renounce Religion, Upheaval, Elemental Force,
Disaster Area


You were on level 12 of the Dungeon.
You worshipped Qazlal.
Qazlal was extremely pleased with you.
You were a hulking beast.
You visited 2 branches of the dungeon, and saw 14 of its levels.
You visited the Abyss 1 time.
You also visited: Bailey.

You collected 820 gold pieces.
You spent 322 gold pieces at shops.

Inventory:

Missiles
 B - a curare-tipped dart
 L - 12 poisoned darts (quivered)
Armour
 h - a +0 cloak
 j - a +0 pair of boots
 m - a +0 pair of boots
 I - a +0 pair of gloves
 M - +5 steam dragon scales (worn)
Jewellery
 f - a ring of positive energy
 i - a +6 ring of strength
 q - a +6 ring of strength (left hand)
 s - the amulet "Ygi Fote" (around neck) {Spirit Str+3 Int-2}
   (You took it off an orc on level 4 of the Dungeon)

   [amulet of guardian spirit]

   Spirit:    It causes incoming damage to be divided between your reserves of
   health and magic.
   Str+3:     It affects your strength (+3).
   Int-2:     It affects your intelligence (-2).
 D - a ring of poison resistance (right hand)
 G - a ring of ice
Talismans
 c - a beast talisman
 d - a flux talisman
 H - a blade talisman
Wands
 x - a wand of roots (14)
 K - a wand of flame (10)
Scrolls
 a - a scroll of fear
 e - 2 scrolls of immolation
 g - 3 scrolls of revelation
 n - 3 scrolls of teleportation
 o - 2 scrolls of blinking
 t - 2 scrolls of enchant armour
 u - a scroll of identify
 w - 2 scrolls of fog
 y - 4 scrolls of enchant weapon
 C - 2 scrolls of summoning
Potions
 b - a potion of lignification
 k - 3 potions of invisibility
 p - 4 potions of brilliance
 r - a potion of magic
 v - a potion of curing
 z - 2 potions of ambrosia
 A - a potion of cancellation
 E - a potion of mutation
 F - a potion of experience {unknown}


   Skills:
 + Level 8.3 Fighting
 + Level 7.9 Short Blades
 + Level 7.9 Long Blades
 + Level 7.9 Axes
 + Level 7.9 Maces & Flails
 + Level 7.9 Polearms
 + Level 7.9 Staves
 + Level 7.9 Ranged Weapons
 + Level 7.9 Throwing
 + Level 7.9 Armour
 + Level 9.2 Dodging
 + Level 7.9 Stealth
 + Level 7.9 Shields
 + Level 10.3 Unarmed Combat
 + Level 7.9 Spellcasting
 + Level 6.5 Conjurations
 + Level 6.5 Hexes
 + Level 6.5 Summonings
 + Level 6.5 Necromancy
 + Level 6.5 Translocations
 + Level 6.5 Transmutations
 + Level 6.5 Fire Magic
 + Level 6.5 Ice Magic
 + Level 6.5 Air Magic
 + Level 6.5 Earth Magic
 + Level 6.5 Poison Magic
 + Level 8.6 Invocations
 + Level 7.9 Evocations
 + Level 9.8 Shapeshifting


You had 19 spell levels left.
You knew the following spells:

 Your Spells              Type           Power      Damage    Failure   Level
a - Ensorcelled Hibernat  Hex/Ice        26%        N/A       1%          2
b - Passwall              Tmut/Erth      10%        N/A       1%          2
c - Mephitic Cloud        Conj/Pois/Air  13%        N/A       4%          3

Your spell library contained the following spells:

 Spells                   Type           Power      Damage    Failure   Level
 Freeze                   Ice            52%        1d6       1%          1
 Magic Dart               Conj           52%        1d5       1%          1
 Necrotise                Necr           52%        1d6       1%          1
 Call Imp                 Summ           26%        N/A       1%          2
 Frozen Ramparts          Ice            26%        1d4       4%          3
 Hailstorm                Conj/Ice       13%        3d5       4%          3
 Swiftness                Air            13%        N/A       4%          3
 Tukima's Dance           Hex            13%        N/A       4%          3
 Vampiric Draining        Necr           13%        2d6       4%          3
 Passage of Golubria      Tloc           13%        N/A       13%         4
 Agony                    Necr           13%        N/A       36%         5
 Yara's Violent Unravell  Hex/Tmut       6%         3d5       36%         5


Dungeon Overview and Level Annotations

Branches:
Dungeon (13/15)            Temple (0/1) D:5            Lair (1/5) D:8
    Orc (0/2) D:9          Bailey (visited)
 Vaults: D:13-14

Altars:
Ashenzari
Cheibriados
Dithmenos
Elyvilon
Gozag
Hepliaklqana
Makhleb
Okawaru
Qazlal
Trog
Wu Jian
Xom
Yredelemnul
Zin

Shops:
D:2 *   D:6 [   D:10 *


Innate Abilities, Weirdness & Mutations

You are a hulking beast.
Your limbs bulge with bestial killing power. (Slay +4)
You have very sharp teeth.
Your uncanny sense of smell can sniff out nearby items.
Your experience applies equally to all skills.
You are weak. (Str -2)


Message History

Magic restored.
You feel less protected from physical attacks.
HP restored. 3 slime creatures come into view.
The slime creature quivers. x3
Health restored: 94; MP restored: 23 You completely miss the slime creature.
The slime creature is engulfed in freezing vapours.
The slime creature hits you!
A slime creature comes into view.
Two slime creatures merge to form a large slime creature.
You take 10 damage, and have 84/94 hp.
You now have 20/23 mp.
You punch the large slime creature!
The large slime creature is lightly wounded.
You pummel the slime creature!!
The slime creature is moderately wounded.
The slime creature barely misses you.
A slime creature comes into view. x2
You pummel the slime creature!!
The slime creature is severely wounded.
The slime creature closely misses you.
Two slime creatures merge to form a very large slime creature.
Two slime creatures merge to form an enormous slime creature.
The enormous slime creature attacks as it pursues you!
The enormous slime creature closely misses you.
A slime creature comes into view.
The enormous slime creature hits you!!
Two slime creatures merge to form a titanic slime creature.
You take 17 damage, and have 69/94 hp.
You now have 17/23 mp.
You punch the slime creature!
The slime creature is severely wounded.
The slime creature closely misses you.
You pummel the slime creature!!
You kill the slime creature!
Qazlal accepts your kill.
A slime creature comes into view.
The titanic slime creature attacks as it pursues you!
The titanic slime creature hits you!!!!
Ouch! That really hurt!
You die...

$.....### .......
.....## .....#
..#.###.. ##.......#
########..#.#
####..J..J..##.#
##..hJ#########.# ###
#..#### #.##.. #.##
#.... #.# #..#### #.#
###..##.. #.#
##....##.. #.#
##..##.##..
#.#########..###..#..
#.##........## ##....


You could see a titanic slime creature and 2 slime creatures.

Vanquished Creatures
  Erolcha (D:11)
  A catoblepas (D:8)
  Erica (D:11)
  2 two-headed ogres
  3 boulder beetles
  2 tengu warriors
  An orc knight (Bailey)
  2 cyclopes (D:12)
  2 manticores (D:12)
  A cane toad (D:8)
  A gargoyle (D:11)
  4 kobold demonologists
  Maggie (D:6)
  2 ancient zymes (Abyss:2)
  3 trolls
  A hornet (D:7)
  A slime creature (D:12)
  Sigmund (D:2)
  A ynoxinul (Abyss:2)
  A wyvern (D:8)
  22 yaks
  Grum (D:11)
  2 steam dragons (D:9)
  10 vampire mosquitoes
  A basilisk (Lair:1)
  Edmund (D:4)
  An acid dragon (D:8)
  Duvessa (D:7)
  3 water moccasins
  An ice beast (D:7)
  3 black bears
  9 orc warriors
  2 ogres (D:5)
  3 wolves (D:11)
  2 centaurs
  3 kobold brigands
  Blork the orc (D:6)
  4 bullfrogs
  2 gnoll sergeants (D:9)
  5 scorpions
  8 wights
  Dowan (D:7)
  10 killer bees
  A howler monkey (D:4)
  7 orc priests
  2 hounds
  2 jellies
  A sleepcap (D:5)
  3 iguanas (D:4)
  6 orc wizards
  12 adders
  17 gnolls
  A white imp (Abyss:2)
  3 worms
  3 dart slugs
  53 orcs
  12 bats
  12 endoplasms
  3 giant cockroaches
  10 goblins
  7 hobgoblins
  11 jackals
  2 quokkas
  2 training dummies (D:7)
  6 ball pythons
  5 frilled lizards
  25 kobolds
  6 rats
340 creatures vanquished.

Notes
Turn   | Place    | Note
-------+----------+-------------------------------------------
     0 | D:1      | tsujin the Gnoll Shapeshifter began the quest for the Orb.
     0 | D:1      | Reached XP level 1. HP: 17/17 MP: 1/1
   152 | D:1      | Reached XP level 2. HP: 15/23 MP: 2/2
   407 | D:1      | Reached XP level 3. HP: 28/28 MP: 3/3
   793 | D:2      | Reached skill level 1 in Invocations
   823 | D:2      | Found Jiorruof's Assorted Antiques.
   890 | D:2      | Gained mutation: You are weak. (Str -2) [potion of
                  | mutation]
   904 | D:2      | Reached skill level 1 in Short Blades
   904 | D:2      | Reached skill level 1 in Long Blades
   904 | D:2      | Reached skill level 1 in Axes
   904 | D:2      | Reached skill level 1 in Maces & Flails
   904 | D:2      | Reached skill level 1 in Polearms
   904 | D:2      | Reached skill level 1 in Staves
   904 | D:2      | Reached skill level 1 in Ranged Weapons
   904 | D:2      | Reached skill level 1 in Throwing
   904 | D:2      | Reached skill level 1 in Armour
   904 | D:2      | Reached skill level 1 in Stealth
   904 | D:2      | Reached skill level 1 in Shields
   904 | D:2      | Reached skill level 1 in Spellcasting
   904 | D:2      | Reached skill level 1 in Evocations
   907 | D:2      | Reached XP level 4. HP: 28/34 MP: 5/5
   918 | D:2      | Reached skill level 1 in Conjurations
   918 | D:2      | Reached skill level 1 in Hexes
   918 | D:2      | Reached skill level 1 in Summonings
   918 | D:2      | Reached skill level 1 in Necromancy
   918 | D:2      | Reached skill level 1 in Translocations
   918 | D:2      | Reached skill level 1 in Transmutations
   918 | D:2      | Reached skill level 1 in Fire Magic
   918 | D:2      | Reached skill level 1 in Ice Magic
   918 | D:2      | Reached skill level 1 in Air Magic
   918 | D:2      | Reached skill level 1 in Earth Magic
   918 | D:2      | Reached skill level 1 in Poison Magic
  1166 | D:2      | Identified the +3 leather armour of Beggolor {Int+3}
  1215 | D:2      | Noticed Sigmund
  1252 | D:2      | Killed Sigmund
  1253 | D:2      | Reached XP level 5. HP: 16/41 MP: 5/7
  1253 | D:2      | Reached XP level 6. HP: 19/47 MP: 5/8
  1772 | D:2      | Found a shimmering altar of Xom.
  1772 | D:2      | Found a stormy altar of Qazlal.
  1772 | D:2      | Found a white marble altar of Elyvilon.
  1772 | D:2      | Found a broken altar of Ashenzari.
  1772 | D:2      | Found a hazy altar of Hepliaklqana.
  1772 | D:2      | Found an iron altar of Okawaru.
  1781 | D:2      | Reached skill level 5 in Dodging
  1819 | D:2      | Became a worshipper of Qazlal Stormbringer
  2158 | D:3      | Found a glowing silver altar of Zin.
  2166 | D:3      | Reached * piety under Qazlal
  2343 | D:3      | Reached XP level 7. HP: 52/52 MP: 10/10
  2507 | D:4      | Reached skill level 7 in Unarmed Combat
  2594 | D:4      | Found a snail-covered altar of Cheibriados.
  2824 | D:4      | Noticed Edmund
  2840 | D:4      | Killed Edmund
  2891 | D:4      | Reached ** piety under Qazlal
  3380 | D:4      | Found a shadowy altar of Dithmenos.
  3534 | D:4      | Identified the amulet "Ygi Fote" {Spirit Str+3 Int-2}
  3773 | D:5      | Entered Level 5 of the Dungeon
  3787 | D:4      | Reached XP level 8. HP: 34/60 MP: 12/12
  3886 | D:5      | Found a staircase to the Ecumenical Temple.
  4517 | D:6      | Found a burning altar of Makhleb.
  4781 | D:6      | Found Sovuema's Antique Armour Shop.
  4994 | D:6      | Found a basalt altar of Yredelemnul.
  5003 | D:6      | Found an ornate altar of the Wu Jian Council.
  5013 | D:6      | Found a bloodstained altar of Trog.
  5057 | D:6      | Noticed Blork the orc
  5061 | D:6      | Killed Blork the orc
  5111 | D:6      | Found an iron altar of Okawaru.
  5244 | D:6      | Noticed Maggie
  5250 | D:6      | Killed Maggie
  5251 | D:6      | Reached XP level 9. HP: 45/67 MP: 8/15
  5536 | D:7      | Found a flagged portal.
  5566 | Bailey   | Entered a bailey
  5576 | Bailey   | Reached *** piety under Qazlal
  5681 | Bailey   | Reached skill level 5 in Fighting
  5866 | Bailey   | Noticed an orc knight
  5892 | Bailey   | Reached skill level 8 in Unarmed Combat
  5897 | Bailey   | Killed an orc knight
  5898 | Bailey   | Reached skill level 5 in Invocations
  6215 | D:7      | Noticed Duvessa
  6215 | D:7      | Noticed Dowan
  6225 | D:7      | Killed Duvessa
  6226 | D:7      | Reached XP level 10. HP: 52/75 MP: 12/17
  6232 | D:7      | Killed Dowan
  6356 | D:7      | Paralysed by a hornet for 3 turns
  6361 | D:7      | Reached skill level 5 in Short Blades
  6361 | D:7      | Reached skill level 5 in Long Blades
  6361 | D:7      | Reached skill level 5 in Axes
  6361 | D:7      | Reached skill level 5 in Maces & Flails
  6361 | D:7      | Reached skill level 5 in Polearms
  6361 | D:7      | Reached skill level 5 in Staves
  6361 | D:7      | Reached skill level 5 in Ranged Weapons
  6361 | D:7      | Reached skill level 5 in Throwing
  6361 | D:7      | Reached skill level 5 in Armour
  6361 | D:7      | Reached skill level 5 in Stealth
  6361 | D:7      | Reached skill level 5 in Shields
  6361 | D:7      | Reached skill level 5 in Spellcasting
  6361 | D:7      | Reached skill level 5 in Evocations
  6622 | D:7      | Reached **** piety under Qazlal
  6723 | D:7      | Found an opulent altar of Gozag.
  7231 | D:8      | Noticed a boulder beetle
  7249 | D:8      | Killed a boulder beetle
  7920 | D:8      | Found a staircase to the Lair.
  8672 | Lair:1   | Entered Level 1 of the Lair of Beasts
  8672 | Lair:1   | Found a bloodstained altar of Trog.
  8674 | Lair:1   | Noticed a catoblepas
  8674 | Lair:1   | Noticed a cane toad
  8714 | D:9      | Noticed a two-headed ogre
  8724 | D:8      | Killed a two-headed ogre
  8884 | D:9      | Reached XP level 11. HP: 74/83 MP: 13/19
  8923 | D:9      | Reached skill level 9 in Unarmed Combat
  9050 | D:9      | Reached skill level 5 in Conjurations
  9050 | D:9      | Reached skill level 5 in Hexes
  9050 | D:9      | Reached skill level 5 in Summonings
  9050 | D:9      | Reached skill level 5 in Necromancy
  9050 | D:9      | Reached skill level 5 in Translocations
  9050 | D:9      | Reached skill level 5 in Transmutations
  9050 | D:9      | Reached skill level 5 in Fire Magic
  9050 | D:9      | Reached skill level 5 in Ice Magic
  9050 | D:9      | Reached skill level 5 in Air Magic
  9050 | D:9      | Reached skill level 5 in Earth Magic
  9050 | D:9      | Reached skill level 5 in Poison Magic
  9341 | D:9      | Found a staircase to the Orcish Mines.
  9675 | D:10     | Entered Level 10 of the Dungeon
  9896 | D:2      | Bought a scroll labelled HAYTRA FIHAOL for 28 gold pieces
  9896 | D:2      | Bought a scroll of blinking for 210 gold pieces
  9896 | D:2      | Bought a scroll of teleportation for 84 gold pieces
 10124 | D:8      | Killed a catoblepas
 10679 | Lair:1   | Learned a level 2 spell: Ensorcelled Hibernation
 10682 | Lair:1   | Learned a level 2 spell: Passwall
 10686 | Lair:1   | Learned a level 3 spell: Mephitic Cloud
 10955 | Lair:1   | Noticed a demonic crawler
 11346 | D:10     | Noticed a soul eater
 11385 | D:10     | Noticed a soul eater
 11387 | D:10     | Noticed a sixfirhy
 11402 | D:9      | Noticed a sun demon
 11552 | D:9      | Noticed a sixfirhy
 11591 | D:10     | Found Anuu's Alliterative Armaments.
 12154 | D:11     | Noticed Erolcha
 12176 | Abyss:2  | Cast into level 2 of the Abyss (Erolcha)
 12274 | Abyss:2  | Noticed a starcursed mass
 12332 | D:11     | Escaped the Abyss
 12339 | D:11     | Killed Erolcha
 12339 | D:11     | Noticed Erica
 12350 | D:11     | Killed Erica
 12351 | D:11     | Reached XP level 12. HP: 28/91 MP: 11/22
 12845 | D:11     | Reached ***** piety under Qazlal
 13018 | D:11     | Noticed a boulder beetle
 13030 | D:11     | Killed a boulder beetle
 13210 | D:11     | Noticed Grum
 13224 | D:11     | Killed Grum
 13683 | D:12     | Noticed a two-headed ogre
 13688 | D:12     | Noticed a boulder beetle
 13699 | D:12     | Killed a two-headed ogre
 13700 | D:12     | Reached skill level 10 in Unarmed Combat
 13713 | D:12     | Killed a boulder beetle
 14341 | D:12     | Noticed a tengu warrior
 14341 | D:12     | Noticed a tengu warrior
 14358 | D:13     | Killed a tengu warrior
 14369 | D:12     | Killed a tengu warrior
 14542 | D:12     | Mangled by a titanic slime creature

Illustrated notes

Levels and vault maps discovered:
D:1:      dpeg_arrival_another_circle, layout_rooms, chequers_hall_statues_y,
          minmay_curled_crystal
D:2:      cheibrodos_fertilizer, layout_loops_ring, serial_shops, shop,
          grunt_decor_one_mirror, uniq_sigmund
D:3:      layout_rooms, mainiacjoe_overflow_paths
D:4:      layout_gridville, cheibrodos_worm_habitat, minmay_ruined_shrine,
          uniq_edmund
D:5:      layout_cave_pools, minmay_temple_entry_proselytizer
D:6:      layout_loops_corners, okawaru_trees_1, grunt_temple_overflow_diamond,
          mainiacjoe_overflow_cross_hatched, serial_shops,
          nicolae_shop_competitors_out_of_business, due_unseen_surprise,
          uniq_maggie, uniq_blork_the_orc
D:7:      dreamdust_elfheim, layout_gridville, amcnicky_altar_gilded,
          enter_bailey_3
D:8:      layout_loops_ring, lair_entry_dummy
D:9:      layout_roguey, orc_0_dummy
D:10:     layout_irregular_city, monkooky_shop_alliterative
D:11:     layout_loops_ring, uniq_grum, uniq_erica, uniq_erolcha
D:12:     layout_rooms
D:13:     layout_irregular_city, serial_shops,
          nicolae_shop_pleasant_corner_grove,
          hellmonk_guarded_unrand_seven_league_boots
Lair:1:   layout_cave_pods, basic_altar, worms_lemuel

Skill      XL: |  1  2  3  4  5  6  7  8  9 10 11 12 |
---------------+-------------------------------------+-----
Invocations    | 1 2 3 4 5 6 7 8 |  8.6
Short Blades   | 1 2 4 5 7 |  7.9
Long Blades    | 1 2 4 5 7 |  7.9
Axes           | 1 2 4 5 7 |  7.9
Maces & Flails | 1 2 4 5 7 |  7.9
Polearms       | 1 2 4 5 7 |  7.9
Staves         | 1 2 4 5 7 |  7.9
Ranged Weapons | 1 2 4 5 7 |  7.9
Throwing       | 1 2 4 5 7 |  7.9
Armour         | 1 2 4 5 7 |  7.9
Stealth        | 1 2 4 5 7 |  7.9
Shields        | 1 2 4 5 7 |  7.9
Spellcasting   | 1 2 4 5 7 |  7.9
Evocations     | 1 2 4 5 7 |  7.9
Conjurations   | 1 2 3 4 5 6 |  6.5
Hexes          | 1 2 3 4 5 6 |  6.5
Summonings     | 1 2 3 4 5 6 |  6.5
Necromancy     | 1 2 3 4 5 6 |  6.5
Translocations | 1 2 3 4 5 6 |  6.5
Transmutations | 1 2 3 4 5 6 |  6.5
Fire Magic     | 1 2 3 4 5 6 |  6.5
Ice Magic      | 1 2 3 4 5 6 |  6.5
Air Magic      | 1 2 3 4 5 6 |  6.5
Earth Magic    | 1 2 3 4 5 6 |  6.5
Poison Magic   | 1 2 3 4 5 6 |  6.5
Fighting       | 3 4 5 6 7 8 |  8.3
Dodging        | 5 6 7 8 9 |  9.2
Unarmed Combat | 7 8 9 10 | 10.3
Shapeshifting  | 7 8 9 |  9.8

Action                     |  1- 3 |  4- 6 |  7- 9 | 10-12 || total
---------------------------+-------+-------+-------+-------++-------
  Melee: Unarmed           |    73 |   146 |   257 |   552 ||  1028
         Punch             |     3 |     4 |    13 |    35 ||    55
         Bite              |     4 |    18 |    25 |    84 ||   131
  Throw: Stone             |     6 |       |     5 |       ||    11
         Dart              |       |       |       |    23 ||    23
 Invoke: Upheaval          |       |       |       |     2 ||     2
         Elemental Force   |       |       |       |     1 ||     1
  Evoke: Wand              |       |       |    14 |     8 ||    22
    Use: Scroll            |     2 |     6 |     4 |    16 ||    28
         Potion            |     1 |     3 |     3 |     9 ||    16
 Armour: Animal skin       |    26 |       |       |       ||    26
         Leather armour    |     6 |    27 |   140 |    95 ||   268
         Ring mail         |       |    69 |       |       ||    69
         Steam dragon scal |       |       |       |   280 ||   280
  Dodge: Dodged            |    42 |   111 |   189 |   390 ||   732
         Repelled          |       |       |       |     5 ||     5
  Block: Other             |       |     1 |    42 |   143 ||   186

Table legend: (Time is in decaauts)
 A = Elapsed time spent in this place.
 B = Non-inter-level travel time spent in this place.
 C = Inter-level travel time spent in this place.
 D = Time resting spent in this place.
 E = Time spent auto-exploring this place.
 F = Levels seen in this place.
 G = Mean time per level.
                   A        B        C        D        E       F      G
               +--------+--------+--------+--------+--------+-----+--------+
         Total |  14411 |  13422 |    989 |   1782 |   8222 |  16 |  900.7 |
       Dungeon |  12775 |  11787 |    988 |   1513 |   7333 |  13 |  982.7 |
          Lair |    881 |    881 |      0 |    145 |    554 |   1 |  881.0 |
         Abyss |    152 |    152 |      0 |     30 |     37 |   1 |  152.0 |
        Bailey |    602 |    602 |      0 |     94 |    297 |   1 |  602.0 |
               +--------+--------+--------+--------+--------+-----+--------+

Top non-repeatable levels by time:
     D:8: 1757 daAuts
     D:4: 1393 daAuts
    D:11: 1355 daAuts
     D:7: 1320 daAuts
     D:2: 1204 daAuts
     D:9: 1024 daAuts
     D:6: 1003 daAuts
  Lair:1: 881 daAuts
    D:12: 846 daAuts
    D:10: 846 daAuts
     D:1: 775 daAuts
     D:5: 661 daAuts
  Bailey: 602 daAuts
     D:3: 581 daAuts
 Abyss:2: 152 daAuts
